 Dungeon Crawl Stone Soup version 0.30.1-3-gfc49f6343a (webtiles) character file.

Game seed: 3286721257143378991

270 booth the Chopper (level 6, -14/47 HPs)
             Began as a Demonspawn Gladiator on Aug 2, 2023.
             Demolished by an ogre
             ... wielding a +0 giant club
              (23 damage)
             ... on level 2 of the Dungeon.
             The game lasted 00:08:25 (2003 turns).

booth the Chopper (Demonspawn Gladiator)            Turns: 2003, Time: 00:08:25

Health: -14/47     AC:  8    Str: 16    XL:     6   Next: 1%
Magic:  9/9        EV: 13    Int: 10    God:
Gold:   156        SH:  0    Dex: 14    Spells: 9/9 levels left

rFire   . . .        a - +0 war axe
rCold   . . .        (no shield)
rNeg    . . .        b - +0 leather armour
rPois   .            c - +0 helmet
rElec   .            (no cloak)
rCorr   .            (no gloves)
SInv    .            j - +2 pair of boots
Will    .....        (no amulet)
Stlth   +            (no ring)
HPRegen 0.27/turn    (no ring)
MPRegen 0.22/turn

%: no passive effects
@: no status effects
A: hooves 1, magic regeneration, sharp scales 1
a: no special abilities


You were on level 2 of the Dungeon.
You visited 1 branch of the dungeon, and saw 2 of its levels.

You collected 156 gold pieces.

Inventory:

Hand Weapons
 a - a +0 war axe (weapon)
 k - a +1 whip of draining
Missiles
 d - a throwing net (quivered)
 e - 3 javelins
Armour
 b - a +0 leather armour (worn)
 c - a +0 helmet (worn)
 h - a +0 robe of the Archmagi
 j - a +2 pair of boots (worn)
Scrolls
 g - a scroll of immolation {unknown}
 m - a scroll of magic mapping {unknown}
 n - a scroll of enchant armour {unknown}
 o - 2 scrolls of teleportation {unknown}
Potions
 f - 2 potions of invisibility
 i - a potion of haste {unknown}
 l - a potion of brilliance {unknown}


   Skills:
 + Level 3.3 Fighting
 + Level 3.6 Axes
 + Level 3.0 Throwing
 + Level 3.6 Dodging
 + Level 2.0 Spellcasting


You had 9 spell levels left.
You didn't know any spells.
Your spell library contained the following spells:

 Spells                   Type           Power      Damage    Failure   Level
 Ozocubu's Armour         Ice            1%         N/A       75%         3
 Ozocubu's Refrigeration  Ice            0%         4d7       100%        7


Dungeon Overview and Level Annotations

Branches:
Dungeon (2/15)

Altars:


Innate Abilities, Weirdness & Mutations

You have large cloven feet.
You regenerate magic rapidly.
You are partially covered in razor-sharp scales. (AC +1, Slay +1)


Message History

The iguana closely misses you. The iguana bites you!
You slash the iguana!
You kill the iguana!
Your Spellcasting skill increases to level 2!
You have reached level 6!
Your demonic ancestry asserts itself...
Your magic begins to regenerate rapidly.
You barely miss the ogre.
The ogre hits you with a +0 giant club!!
* * * LOW HITPOINT WARNING * * *
Throw: 2 throwing nets
Press: ? - help, Q - select action, (/) - cycle Shift-Dir - straight line, f/p - ogre
Aim: an ogre, wielding a +0 giant club (76% to hit)
You throw a throwing net. The throwing net hits the ogre.
The ogre is caught in the net!
The ogre struggles against the net.
The ogre struggles against the net.
The ogre struggles against the net.
Throw: 6 javelins
Press: ? - help, Q - select action, (/) - cycle Shift-Dir - straight line, f/p - ogre
Aim: an ogre, wielding a +0 giant club (entangled in a net, 93% to hit)
You throw a javelin. The javelin pierces through the ogre!
The ogre is moderately wounded.
The ogre struggles against the net.
Throw: 5 javelins
Press: ? - help, Q - select action, (/) - cycle Shift-Dir - straight line, f/p - ogre
Aim: an ogre, wielding a +0 giant club (moderately wounded, entangled in a net, 93% to hit)
You throw a javelin. The javelin pierces through the ogre.
The ogre is heavily wounded.
The ogre struggles against the net.
The net rips apart, and the ogre comes free!
Throw: 4 javelins
Press: ? - help, Q - select action, (/) - cycle Shift-Dir - straight line, f/p - ogre
Aim: an ogre, wielding a +0 giant club (heavily wounded, 76% to hit)
You throw a javelin. The javelin pierces through the ogre!
The ogre is severely wounded.
You barely miss the ogre.
The ogre is severely wounded.
The ogre hits you with a +0 giant club!!
You die...

####....##.#..#...#†.#.##...#
##.#)'..#..#.(.#).#..)...#
#.#†##.#..#...#..#.##...#
#....###..#...#.[###..#.#
####...####..$####...##.#####
###....##)##.....###......
#.#................#####
#.#....O...........#
#......@...........#
####################


You could see an ogre.

Vanquished Creatures
  Sigmund (D:2)
  An iguana (D:2)
  A gnoll (D:2)
  3 adders (D:2)
  4 ball pythons
  5 endoplasms
  3 giant cockroaches
  4 goblins (D:1)
  4 hobgoblins
  8 kobolds
  2 quokkas
  6 bats
  6 frilled lizards
  5 rats
53 creatures vanquished.

Notes
Turn   | Place    | Note
-------+----------+-------------------------------------------
     0 | D:1      | booth the Demonspawn Gladiator began the quest for the Orb.
     0 | D:1      | Reached XP level 1. HP: 16/16 MP: 1/1
   166 | D:1      | Gained mutation: You are partially covered in razor-sharp
                  | scales. (AC +1, Slay +1) [demonic ancestry]
   166 | D:1      | Reached XP level 2. HP: 21/22 MP: 2/2
   507 | D:1      | Reached XP level 3. HP: 25/26 MP: 3/3
  1652 | D:2      | Reached skill level 1 in Spellcasting
  1767 | D:2      | Gained mutation: You have large cloven feet. [demonic
                  | ancestry]
  1767 | D:2      | Reached XP level 4. HP: 26/34 MP: 5/5
  1842 | D:2      | Noticed Sigmund
  1885 | D:2      | Killed Sigmund
  1886 | D:2      | Reached XP level 5. HP: 23/41 MP: 5/7
  1983 | D:2      | Noticed an ogre
  1996 | D:2      | Gained mutation: You regenerate magic rapidly. [demonic
                  | ancestry]
  1996 | D:2      | Reached XP level 6. HP: 28/47 MP: 7/9
  2003 | D:2      | Demolished by an ogre

Illustrated notes

Levels and vault maps discovered:
D:1:      arrival_zaba_pyramid, layout_basic, minmay_tromino_i4
D:2:      layout_loops_ring, chequers_ecumenical_altar_grove,
          grunt_ministairs_4, minmay_divided_ellipse, uniq_sigmund

Skill      XL: |  1  2  3  4  5 |
---------------+----------------+-----
Throwing       | 2 3 |  3.0
Axes           | 3 |  3.6
Dodging        | 3 |  3.6
Spellcasting   | 1 2 |  2.0
Fighting       | 3 |  3.3

Action                     |  1- 3 |  4- 6 || total
---------------------------+-------+-------++-------
  Melee: War axe           |   114 |    34 ||   148
  Throw: Throwing net      |       |     2 ||     2
         Javelin           |       |     3 ||     3
    Use: Scroll            |     2 |       ||     2
         Potion            |     1 |     2 ||     3
 Armour: Leather armour    |    54 |     8 ||    62
  Dodge: Dodged            |    97 |    23 ||   120
